 Dungeon Crawl Stone Soup version 0.16.1-51-g6203257 (webtiles) character file.

14791 tognito the Archer (level 11, -3/99 HPs)
             Began as a Minotaur Berserker on June 24, 2015.
             Was the Champion of Trog.
             Slain by a wolf spider (15 damage)
             ... on level 1 of the Spider Nest on Aug 2, 2015.
             The game lasted 00:57:15 (9861 turns).

tognito the Archer (Minotaur Berserker)             Turns: 9861, Time: 00:57:15

Health: -3/99      AC: 24    Str: 25    XL:     11   Next: 93%
Magic:  4/4        EV: 16    Int:  4    God:    Trog [******]
Gold:   570        SH:  0    Dex: 10    Spells: 0 memorised, 10 levels left

rFire  . . .     SeeInvis +     a - +4 battleaxe
rCold  . . .     Clarity  .     x - +8 chain mail "Saub" {SInv Stlth+}
rNeg   . . .     SustAb   .     (no shield)
rPois  .         Gourm    .     (helmet unavailable)
rElec  .         Spirit   .     J - +0 cloak
rCorr  .         Warding  .     q - +2 pair of gloves
rMut   .         Stasis   .     (no boots)
MR     .....                    K - amulet of faith
Stlth  ..........               t - ring of stealth (curse)
                                n - +5 ring of evasion

@: not resistant to hostile enchantments, extremely unstealthy
A: retaliatory headbutt, horns 3
a: Burn Spellbooks, Berserk, Trog's Hand, Brothers in Arms, Renounce Religion


You were on level 1 of the Spider Nest.
You worshipped Trog.
Trog was exalted by your worship.
You were hungry.

You visited 3 branches of the dungeon, and saw 13 of its levels.

You collected 570 gold pieces.

Inventory:

Hand weapons
 a - a +4 battleaxe (weapon)
 b - the +3 shortbow "Qeafaf" {velocity, rElec rPois rF- rN+ Int-2}
   (Trog gifted it to you on level 3 of the Lair of Beasts)

   Any arrow fired from it inflicts extra damage.
   It affects your intelligence (-2).
   It makes you vulnerable to fire.
   It insulates you from electricity.
   It protects you from poison.
   It protects you from negative energy.
 g - a +0 battleaxe
 y - a +0 hunting sling
 N - a +0 broad axe
 V - a +2 shortbow of flaming
 W - a +7 vampiric executioner's axe
Missiles
 e - 202 arrows
 i - 2 arrows of frost
 l - 20 steel sling bullets
 o - 108 sling bullets
 p - 60 bolts
 z - 36 arrows of flame
 A - 7 tomahawks (quivered)
 Q - 9 sling bullets of frost
 T - 13 poisoned sling bullets
 Y - 2 poisoned arrows
Armour
 q - a +2 pair of gloves (worn)
 s - a +1 plate armour
 x - the +8 chain mail "Saub" (worn) {SInv Stlth+}
   (You found it on level 6 of the Dungeon)

   It enhances your eyesight.
   It makes you more stealthy.
 J - a +0 cloak (worn)
 O - a +0 cloak
Jewellery
 h - an uncursed amulet of the gourmand
 n - a +5 ring of evasion (left hand)
 t - a cursed ring of stealth (right hand)
 K - an amulet of faith (around neck)
Magical devices
 j - a wand of slowing (24)
 D - a wand of draining (7)
 I - a wand of teleportation (3)
 L - a wand of polymorph (6)
 M - a wand of polymorph (13)
 R - a wand of confusion (15)
 U - a wand of magic darts (19)
 Z - a wand of slowing (30)
Scrolls
 f - 2 scrolls of fog
 k - 3 scrolls of teleportation
 u - 2 scrolls of fear
 v - 5 scrolls of remove curse
 w - 2 scrolls of identify
 G - 3 scrolls of blinking
 S - a scroll of enchant armour
Potions
 r - 4 potions of might
 C - 3 potions of curing
 E - 2 potions of brilliance
 F - a potion of haste
 P - a potion of heal wounds
 X - a potion of magic
Comestibles
 c - 4 bread rations
 d - 7 meat rations
 m - 4 beef jerkies
 B - 4 fruits
 H - 2 slices of pizza


   Skills:
 + Level 10.1 Fighting
 + Level 11.3 Axes
 + Level 3.4 Slings
 + Level 12.3 Bows
 + Level 9.2 Armour
 + Level 6.8 Dodging
 + Level 0.8 Stealth


You had 10 spell levels left.
You didn't know any spells.

Dungeon Overview and Level Annotations

Branches:
Dungeon (9/15)             Temple (0/1) D:5            Lair (3/8) D:9
 Spider (1/5) Lair:3
  Swamp: Lair:3-6    Shoals: Lair:3-6       Orc: D:9-12

Altars:
Ashenzari
Cheibriados
Elyvilon
Gozag
Qazlal
Ru
Trog
Zin
The Shining One

Shops:
D:8 [   D:9 **


Innate Abilities, Weirdness & Mutations

You reflexively headbutt those who attack you in melee.
You have a pair of large horns on your head.


Message History

The wolf spider is heavily wounded.
The tarantella bites you but does no damage.
The wolf spider hits you but does no damage.
The wolf spider closely misses you. The wolf spider hits you!
* * * LOW HITPOINT WARNING * * *
The wolf spider completely misses you.
The wolf spider hits you but does no damage.
The wolf spider misses you. The tarantella bites you.
* * * LOW HITPOINT WARNING * * *
You are confused.
The wolf spider hits you!
* * * LOW HITPOINT WARNING * * *
The wolf spider bites you but does no damage.
You're too confused!
You're too confused!
You are too injured to fight recklessly!
You are too injured to fight recklessly!
Drink which item? (? for menu, Esc to quit)
You feel better. The tarantella closely misses you. The wolf spider hits you!
You die...

# ... ###
#####(.#
#...#.s(...#..
#....@s(......
#.....s.).....
...............
.....?.######..
....... #
#..... .....
.... #


You could see 2 wolf spiders and a tarantella.

Vanquished Creatures
  A hydra (Lair:2)
  2 hill giants (D:9)
  Maurice (D:8)
  3 black mambas
  A komodo dragon (Lair:2)
  3 blink frogs (Lair:1)
  A troll (D:9)
  2 trapdoor spiders (Lair:3)
  A deep elf mage (D:9)
  26 yaks
  2 tarantellas (Spider:1)
  9 wolves
  A hungry ghost (D:9)
  3 hippogriffs
  2 porcupines (Lair:1)
  6 water moccasins
  2 orc warriors
  3 ogres
  3 phantoms
  2 ice beasts (D:6)
  3 sky beasts
  2 crocodiles
  3 centaurs
  7 giant frogs
  Blork the orc (D:7)
  3 electric eels (D:9)
  3 wights (D:9)
  A goliath beetle (D:9)
  11 hounds
  3 crimson imps
  3 jellies
  5 orc priests
  A giant frog skeleton (D:9)
  A centaur skeleton (D:8)
  5 orc wizards
  5 iguanas
  4 worker ants
  A killer bee zombie (D:9)
  A hound zombie (D:6)
  A mummy (D:9)
  A worker ant zombie (D:5)
  10 adders
  A gnoll (D:2)
  18 river rats
  A shadow imp (D:7)
  A giant mite (D:2)
  A worm (D:5)
  An adder skeleton (D:9)
  An adder zombie (D:7)
  7 giant geckos
  2 oozes
  26 orcs
  15 bats
  A bat zombie (D:7)
  6 giant cockroaches
  9 goblins
  16 hobgoblins
  3 jackals
  15 kobolds
  A ball python (D:2)
  4 giant newts
  10 quokkas
  10 rats
  3 fungi
301 creatures vanquished.

Vanquished Creatures (others)
  A sky beast (D:6)
  A jackal (D:9)
2 creatures vanquished.

Grand Total: 303 creatures vanquished

Notes
Turn   | Place    | Note
--------------------------------------------------------------
     0 | D:1      | tognito, the Minotaur Berserker, began the quest for the Orb.
     0 | D:1      | Reached XP level 1. HP: 19/19 MP: 1/1
    94 | D:1      | Upgraded the game from 0.16.1-30-g34a7ffa to 0.16.1-51-g6203257
   108 | D:1      | Reached skill level 4 in Fighting
   220 | D:1      | Reached XP level 2. HP: 24/27 MP: 1/1
   262 | D:1      | Found a glowing golden altar of the Shining One.
   717 | D:2      | Acquired Trog's second power
   804 | D:2      | Reached XP level 3. HP: 27/34 MP: 2/2
  1089 | D:2      | Reached XP level 4. HP: 41/41 MP: 2/2
  1216 | D:2      | Reached skill level 5 in Fighting
  1220 | D:2      | Reached XP level 5. HP: 40/48 MP: 2/2
  1663 | D:3      | You fall through a shaft for 3 floors!
  1679 | D:6      | Noticed a sky beast
  1686 | D:6      | Killed a sky beast
  1686 | D:6      | Reached skill level 1 in Slings
  1690 | D:6      | Reached XP level 6. HP: 34/56 MP: 3/3
  1704 | D:6      | Reached skill level 5 in Axes
  2032 | D:6      | Noticed a phantom
  2057 | D:6      | Reached skill level 6 in Fighting
  2057 | D:6      | Killed a phantom
  2057 | D:6      | Reached XP level 7. HP: 36/63 MP: 3/3
  2080 | D:6      | Noticed an ogre
  2091 | D:6      | Killed an ogre
  2091 | D:6      | Reached skill level 5 in Dodging
  2273 | D:6      | Noticed an ice beast
  2277 | D:6      | Killed an ice beast
  2277 | D:6      | Reached skill level 5 in Armour
  2424 | D:6      | Got an obsidian-encrusted chain mail
  2425 | D:6      | Identified the +8 chain mail "Saub" {SInv Stlth+} (You found it on level 6 of the Dungeon)
  2466 | D:6      | Reached XP level 8. HP: 71/71 MP: 3/3
  2548 | D:6      | Acquired Trog's third power
  2669 | D:6      | Noticed an ice beast
  2675 | D:6      | Killed an ice beast
  2675 | D:6      | Reached skill level 7 in Fighting
  2967 | D:7      | Noticed Blork the orc
  2985 | D:7      | Killed Blork the orc
  3110 | D:7      | Found a sacrificial altar of Ru.
  3118 | D:7      | Reached skill level 1 in Bows
  3194 | D:7      | Received a gift from Trog
  3671 | D:5      | Entered Level 5 of the Dungeon
  3915 | D:5      | Found a staircase to the Ecumenical Temple.
  4110 | D:5      | Reached XP level 9. HP: 81/81 MP: 4/4
  4818 | D:4      | Reached skill level 8 in Fighting
  4859 | D:4      | Gained mutation: You have a pair of large horns on your head. [potion of beneficial mutation]
  4869 | D:4      | Found a bloodstained altar of Trog.
  5287 | D:3      | Reached skill level 5 in Bows
  5960 | D:8      | Found Muifoixzas' Antique Armour Shoppe.
  6042 | D:8      | Noticed Maurice
  6052 | D:8      | Killed Maurice
  6257 | D:8      | Noticed an angel
  6258 | D:8      | Found a glowing silver altar of Zin.
  6295 | D:8      | Found a snail-covered altar of Cheibriados.
  6317 | D:8      | Found a white marble altar of Elyvilon.
  6318 | D:8      | Found a stormy altar of Qazlal.
  6437 | D:9      | Found Opheruc's Assorted Antiques.
  6642 | D:9      | Noticed a hill giant
  6651 | D:9      | Killed a hill giant
  6670 | D:9      | Reached XP level 10. HP: 79/90 MP: 4/4
  6684 | D:9      | Received a gift from Trog
  6868 | D:9      | Found a staircase to the Lair.
  6884 | D:9      | Found a shattered altar of Ashenzari.
  6932 | D:9      | Reached skill level 9 in Bows
  7056 | D:9      | Received a gift from Trog
  7329 | D:9      | Found Gozag's Platinum Reserve.
  7378 | D:9      | Reached skill level 10 in Bows
  7463 | D:9      | Found an opulent altar of Gozag.
  7497 | D:9      | Noticed a hill giant
  7505 | D:9      | Killed a hill giant
  7602 | D:9      | Received a gift from Trog
  7650 | Lair:1   | Entered Level 1 of the Lair of Beasts
  8097 | Lair:1   | Reached XP level 11. HP: 72/97 MP: 4/4
  8133 | Lair:1   | Reached skill level 10 in Axes
  8249 | Lair:1   | Reached skill level 11 in Bows
  8257 | Lair:1   | Noticed a black mamba
  8270 | Lair:1   | Killed a black mamba
  8989 | Lair:2   | Received a gift from Trog
  9313 | Lair:2   | Noticed an eight-headed hydra
  9321 | Lair:2   | Killed an eight-headed hydra
  9321 | Lair:2   | Received a gift from Trog
  9444 | Lair:2   | Reached skill level 12 in Bows
  9459 | Lair:2   | Reached skill level 10 in Fighting
  9740 | Lair:3   | Received a gift from Trog
  9747 | Lair:3   | Got a brightly glowing shortbow {god gift}
  9748 | Lair:3   | Identified the +3 shortbow "Qeafaf" {velocity, rElec rPois rF- rN+ Int-2} (Trog gifted it to you on level 3 of the Lair of Beasts)
  9806 | Lair:3   | Found a hole to the Spider Nest.
  9852 | Spider:1 | Entered Level 1 of the Spider Nest
  9860 | Spider:1 | HP: 4/99 [wolf spider (12)]
  9861 | Spider:1 | Slain by a wolf spider

Action                   |  1- 3 |  4- 6 |  7- 9 | 10-12 || total
-------------------------+-------+-------+-------+-------++-------
Melee: Hand axe          |    89 |    87 |     7 |       ||   183
       Broad axe         |       |       |   152 |   166 ||   318
       Battleaxe         |       |       |       |    77 ||    77
 Fire: Hunting sling     |     6 |    15 |    10 |       ||    31
       Shortbow          |       |       |   192 |   222 ||   414
Invok: Berserk           |       |       |     2 |       ||     2
       Burn Spellbooks   |       |       |       |     2 ||     2
Evoke: Wand              |       |       |     1 |       ||     1
  Use: Potion            |     2 |     2 |     4 |     3 ||    11
       Scroll            |       |     5 |    14 |     1 ||    20
  Eat: Chunk             |       |     4 |    14 |    10 ||    28
       Pizza             |       |       |     1 |       ||     1
